AoeStats
← Rentarō-san

MegaRandom

507972837Analyzed
4v4 RM · 10d ago on Sep 20, 2026· 13m 2s· 8 players
Game mode
Random Map
Map size
Large (8 player)
Population
200
Speed
Normal
Resources
Standard
Victory
Conquest
Starting age
Dark Age
Ending age
Imperial Age
RankedLock teamsTeams togetherTeam positionsShared explorationLock speedFull tech treeHidden civsTurbo modeCheats
Victory
Defeat
🇨🇳 Mongols · China
1040
+14
🇦🇹 Byzantines · Austria
1008
+16
🇷🇺 Wei · Russia
1008
+16
🇩🇪 Vikings · Germany
998
+16
🇨🇭 Chinese · Switzerland
1044
-18
🇮🇳 Romans · India
1043
-17
🇨🇳 Huns · China
974
-14
🇨🇭 Teutons · Switzerland
934
-27
Rentarō-san
12:06 Feudal Age
10:21 Loom
13:02 Double-Bit Axe
12:59 Horse Collar
snake11
4:37 Loom
11:35 Feudal Age
GRIBYCH59
11:08 Feudal Age
11:31 Horse Collar
11:38 Double-Bit Axe
11:44 Gold Mining
11:46 Stone Mining
12:59 Loom
Lee
12:05 Feudal Age
findingmontoo7
8:18 Loom
Bloodthirster34
2:54 Loom
13:29 Feudal Age
DDDAW
10:06 Feudal Age
Oooga Booga
Connection lost

Rejoining the realm…

Still unreachable

The connection could not be restored.

Session expired

The server has moved on; the page needs a fresh start.